 Dungeon Crawl Stone Soup version 0.23-a0-677-g07611c5 (console) character file.

139 Duffy the Firebug (level 5, 35/35 HPs)
             Began as a Demonspawn Fire Elementalist on Jan 9, 2019.
             Quit the game on level 4 of the Dungeon.
             The game lasted 00:04:02 (3923 turns).

Duffy the Firebug (Demonspawn Fire Elementalist)    Turns: 3923, Time: 00:04:02

Health: 35/35      AC:  4    Str:  8    XL:     5   Next: 1%
Magic:  9/9        EV: 11    Int: 18    God:
Gold:   99         SH:  0    Dex: 13    Spells: 2/10 levels left

rFire    . . .     SeeInvis .   j - +0 hand axe (curse)
rCold    . . .     Gourm    .   (no shield)
rNeg     . . .     Faith    .   h - +0 leather armour
rPois    .         Spirit   .   (helmet restricted)
rElec    .         Reflect  .   (no cloak)
rCorr    .         Harm     .   (no gloves)
MR       .....                  i - +0 pair of boots
Stlth    +++.......             (no amulet)
HPRegen  0.11/turn              (no ring)
MPRegen  0.11/turn              (no ring)

@: no status effects
A: horns 1, nightstalker 1
a: no special abilities


You were on level 4 of the Dungeon.
You were not hungry.

You visited 1 branch of the dungeon, and saw 4 of its levels.

You collected 99 gold pieces.

Inventory:

Hand Weapons
 g - a +0 whip
 j - a cursed +0 hand axe (weapon)
 n - a +2 dagger of protection
Missiles
 r - 2 throwing nets (quivered)
Armour
 h - a +0 leather armour (worn)
 i - a +0 pair of boots (worn)
Scrolls
 a - a scroll of enchant armour {unknown}
 b - a scroll of fog {unknown}
 e - a scroll of amnesia {unknown}
 k - a scroll of immolation
 m - a scroll of teleportation {unknown}
 q - a scroll of enchant weapon
 s - a scroll of magic mapping {unknown}
 t - a scroll of fear {unknown}
 u - a scroll of noise {unknown}
Potions
 d - 2 potions of invisibility {unknown}
 f - 3 potions of heal wounds {unknown}
 l - a potion of mutation {unknown}
 o - a potion of haste {unknown}
 v - a potion of curing {unknown}
Comestibles
 c - 4 rations
 p - 3 chunks of flesh


   Skills:
 - Level 1.7 Dodging
 - Level 1.7 Stealth
 + Level 3.3 Spellcasting
 + Level 3.1 Conjurations
 + Level 3.3 Fire Magic


You had 2 spell levels left.
You knew the following spells:

 Your Spells              Type           Power        Failure   Level  Hunger
h - Flame Tongue          Conj/Fire      ##...        6%          1    None
j - Sticky Flame          Conj/Fire      ##......     52%         4    ####...
l - Conjure Flame         Conj/Fire      ##......     19%         3    ###....

Your spell library contained the following spells:

 Spells                   Type           Power        Failure   Level  Hunger
 Throw Flame              Conj/Fire      ##....       9%          2    ##.....
 Inner Flame              Hex/Fire       #.......     34%         3    ###....
 Fireball                 Conj/Fire      ##........   86%         5    ######.


Dungeon Overview and Level Annotations

Branches:
Dungeon (4/15)
 Temple: D:4-7

Altars:
Gozag
Hepliaklqana

Annotations:
D:3 exclusion: goblin, Grinder


Innate Abilities, Weirdness & Mutations

You have a pair of small horns on your head.
You are slightly more attuned to the shadows.


Message History

The flame tongue hits the adder.
You kill the adder!
You have reached level 5!
Your demonic ancestry asserts itself...
A pair of horns grows on your head!
You see here an adder corpse.
You butcher the adder corpse.
p - 2 chunks of flesh You see here an adder skeleton.
Your magical contamination has completely faded away.
HP restored.
Magic restored.
You butcher the giant cockroach corpse.
p - 3 chunks of flesh (gained 1)
v - a bubbling emerald potion You now have 99 gold pieces (gained 17).
Found a stone staircase leading up.
You open the door.
There is an open door here.
Are you sure you want to abandon this character and quit the game? (Confirm

#..#.# #..#
#..#.#.# #..#
#..#.#.## ##.#
#..#..... ...
#..#..... .#..
#..#...#
#.....#########
#..####~~~~~~~~
#.....'.@......
#.....#~7777777
##....#~..
.<..#.##~.77
####.#.##~.7
#.#.##~.7
#.#.##~.7 #.#


There were no monsters in sight!

Vanquished Creatures
  6 adders
  An ooze (D:3)
  2 worms
  2 dart slugs (D:1)
  3 leopard geckos
  7 giant cockroaches
  4 goblins
  6 hobgoblins (D:1)
  3 jackals (D:1)
  A quokka (D:2)
  A ball python (D:2)
  9 bats
  6 frilled lizards
  10 kobolds
  11 rats
72 creatures vanquished.

Notes
Turn   | Place    | Note
-------+----------+-------------------------------------------
     0 | D:1      | Duffy the Demonspawn Fire Elementalist began the quest for
                  | the Orb.
     0 | D:1      | Reached XP level 1. HP: 13/13 MP: 3/3
   563 | D:1      | Gained mutation: You are slightly more attuned to the
                  | shadows. [demonic ancestry]
   563 | D:1      | Reached XP level 2. HP: 16/19 MP: 1/5
  1100 | D:1      | Reached XP level 3. HP: 24/24 MP: 3/6
  1107 | D:1      | Learned a level 3 spell: Conjure Flame
  1808 | D:1      | Got a pitted leather armour
  1819 | D:1      | Identified the +1 leather armour of Weunoxy {Str+4 Int-5}
                  | (You found it on level 1 of the Dungeon)
  2460 | D:2      | Found an opulent altar of Gozag.
  2685 | D:2      | Reached XP level 4. HP: 26/30 MP: 0/8
  2789 | D:2      | Learned a level 4 spell: Sticky Flame
  2928 | D:2      | Found a hazy altar of Hepliaklqana.
  3543 | D:3      | Noticed Grinder
  3546 | D:3      | Paralysed by Grinder for 6 turns
  3852 | D:4      | Gained mutation: You have a pair of small horns on your
                  | head. [demonic ancestry]
  3852 | D:4      | Reached XP level 5. HP: 31/35 MP: 3/9
  3923 | D:4      | Quit the game

Vault maps used:
D:1:      doesnt_arrival_eight_statues, minmay_misc_feat_roman, glass_columns_c,
          serial_park_tiny_1, minmay_tree_intersection, minivault_5
D:2:      grunt_gozag_breadcrumbs, lemuel_round_altar, kennysheep_doodads
D:3:      kennysheep_goblin_castle, serial_forest, infiniplex_forest_straight_4,
          infiniplex_forest_clump_cross, infiniplex_forest_clump_small,
          infiniplex_forest_straight_1, uniq_grinder
D:4:      dancing_weapons_uskayaw, nicolae_qazlal_general_emergency,
          chequers_temple_overflow_minitemple, first_ration,
          kennysheep_small_spiral

Skill      XL: |  1  2  3  4 |
---------------+-------------+-----
Fire Magic     | 3 |  3.3
Conjurations   | 2 3 |  3.1
Spellcasting   | 3 |  3.3
Dodging        | |  1.7
Stealth        | |  1.7

Action                   |  1- 3 |  4- 6 || total
-------------------------+-------+-------++-------
Melee: Unarmed           |     8 |       ||     8
       Whip              |    12 |       ||    12
       Hand axe          |     6 |     6 ||    12
 Cast: Flame Tongue      |    81 |    54 ||   135
  Use: Scroll            |       |     2 ||     2
  Eat: Chunk             |     6 |     4 ||    10
Armor: Robe              |    11 |       ||    11
       Leather armour    |     2 |     4 ||     6
Dodge: Dodged            |    36 |    16 ||    52

Table legend:
 A = Non-vault XP
 B = Vault XP
 C = Vault XP percentage of total XP
 D = Non-vault monster count
 E = Vault monster count
 F = Vault count percentage of total count
                 A         B        C        D         E       F
            +---------+---------+-------+---------+---------+-------
      Total |     199 |       0 |   0.0 |      72 |       0 |   0.0
            +---------+---------+-------+---------+---------+-------
        D:1 |      73 |       0 |   0.0 |      37 |       0 |   0.0
        D:2 |      62 |       0 |   0.0 |      23 |       0 |   0.0
        D:3 |      49 |       0 |   0.0 |      10 |       0 |   0.0
        D:4 |      15 |       0 |   0.0 |       2 |       0 |   0.0
            +---------+---------+-------+---------+---------+-------
